 Dungeon Crawl Stone Soup version 0.30-a0-857-gcaf70739d4 (webtiles) character file.

Game seed: 4320701122005742

1537 Pimp the Protected (level 8, -1/73 HPs)
             Began as an Armataur Fighter on Mar 4, 2023.
             Slain by a gnoll sergeant
             ... wielding a +1 vampiric spear
              (9 damage)
             ... on level 6 of the Dungeon on Mar 5, 2023.
             The game lasted 00:18:11 (6034 turns).

Pimp the Protected (Armataur Fighter)               Turns: 6034, Time: 00:18:12

Health: -1/73      AC: 11    Str: 23    XL:     8   Next: 56%
Magic:  8/8        EV:  6    Int:  8    God:
Gold:   477        SH:  5    Dex: 11    Spells: 7/7 levels left

rFire   . . .      SeeInvis .    a - +0 war axe
rCold   . . .      Faith    .    c - +0 buckler
rNeg    . . .      Spirit   .    f - +0 chain mail {rPois}
rPois   +          Reflect  .    (no helmet)
rElec   .          Roll     +    (no cloak)
rCorr   .                        d - +0 pair of gloves
Will    .....                    (no barding) Stlth
                                 n - amulet of the acrobat
HPRegen 0.32/turn                (no ring)
MPRegen 0.11/turn                (no ring)

@: hasted, studying Armour, very quick
A: large, rugged brown scales 3, deformed body, armoured tail, roll, long
tongue, awkward tongue
a: no special abilities


You were on level 6 of the Dungeon.
You visited 1 branch of the dungeon, and saw 6 of its levels.
You also visited: Ossuary.

You collected 477 gold pieces.

Inventory:

Hand Weapons
 a - a +0 war axe (weapon)
Armour
 b - a +0 scale mail
 c - a +0 buckler (worn)
 d - a +0 pair of gloves (worn)
 f - a +0 chain mail of poison resistance (worn)
Jewellery
 n - an amulet of the acrobat (around neck)
Wands
 r - a wand of polymorph (9)
Scrolls
 e - a scroll of fog {unknown}
 g - 3 scrolls of noise
 h - a scroll of identify
 l - a scroll of immolation
 m - 2 scrolls of teleportation
 p - a scroll of vulnerability
Potions
 i - 2 potions of magic
 j - a potion of invisibility
 k - a potion of cancellation
 o - a potion of attraction
 q - a potion of degeneration
 s - a potion of haste


   Skills:
 + Level 5.6 Fighting
 + Level 4.7 Axes
 + Level 9.4 Armour
 + Level 6.8 Shields


You had 7 spell levels left.
You didn't know any spells.
Your spell library contained the following spells:

 Spells                   Type           Power      Damage    Failure   Level
 Beastly Appendage        Tmut           0%         N/A       97%         1
 Kiss of Death            Conj/Necr      0%         2d5       97%         1
 Wereblood                Tmut           0%         N/A       99%         2
 Confusing Touch          Hex            0%         N/A       100%        3
 Kindle Blastsparks       Fire/Tloc/Air  0%         2d10      100%        3
 Spider Form              Tmut/Pois      0%         N/A       100%        3
 Dispel Undead            Necr           0%         3d6       100%        4
 Fulminant Prism          Conj/Hex       0%         3d5       100%        4
 Iskenderun's Mystic Bla  Conj/Tloc      0%         2d3       100%        4
 Lee's Rapid Deconstruct  Erth           0%         3d4*      100%        5


Dungeon Overview and Level Annotations

Branches:
Dungeon (6/15)            Ossuary (visited)
 Temple: D:4-7

Altars:
Fedhas
Nemelex Xobeh
Ru
Sif Muna
Trog


Innate Abilities, Weirdness & Mutations

You are completely covered in rugged brown scales. (AC +3, +7% HP)
Armour fits poorly on your strangely shaped body.
You have a long armoured tail.
You roll when moving toward enemies. (Rampage)
Your long tongue fully drains potion bottles. (2x potion effects)
Your tongue gives you trouble enunciating. (1.5x scroll delay)


Message History

You hit the gnoll. You block the gnoll sergeant's attack.
The gnoll barely misses you. The gnoll hits you but does no damage.
The gnoll barely misses you.
The gnoll sergeant completely misses you.
The gnoll hits you but does no damage. The gnoll hits you with a +0 flail.
The gnoll barely misses you.
You closely miss the gnoll.
Your tail-slap misses the gnoll.
The gnoll is almost dead.
You barely miss the gnoll. You slash the gnoll!
You kill the gnoll!
You hit the gnoll sergeant but do no damage.
You block the gnoll sergeant's attack. The gnoll hits you but does no damage.
The gnoll hits you with a +0 flail!
You hit the gnoll sergeant but do no damage.
Your tail-slap misses the gnoll sergeant.
The gnoll sergeant is heavily wounded.
You barely miss the gnoll. You hit the gnoll.
You kill the gnoll!
The gnoll sergeant hits you with a +1 vampiric spear.
The gnoll sergeant draws strength from your wounds!
You block the gnoll's attack.
You slash the gnoll!
You kill the gnoll!
You closely miss the gnoll sergeant.
The gnoll sergeant hits you with a +1 vampiric spear.
The gnoll sergeant draws strength from your wounds!
The gnoll sergeant hits you with a +1 vampiric spear!
* * * LOW HITPOINT WARNING * * *
You barely miss the gnoll sergeant. You tail-slap the gnoll sergeant!
The gnoll sergeant is severely wounded.
The gnoll sergeant hits you with a +1 vampiric spear!
* * * LOW HITPOINT WARNING * * *
You closely miss the gnoll sergeant.
You tail-slap the gnoll sergeant, but do no damage.
The gnoll sergeant is severely wounded.
The gnoll sergeant hits you but does no damage.
You slurp down every last drop of the bubbling sapphire potion!
It was a potion of haste.
You feel yourself speed up.
The gnoll sergeant hits you with a +1 vampiric spear!
You die...

#...#)##.##.# . ##..## .#
......##.#.#.#.......###....## .#
...>......### ..#....##......##.#
........[#.#.##.................
#...#.##.##.#.........##..##.#.#
#...#.##.##..#.........#.)##)#.##
##.##.# ....#.........##..)).)...
#.##.# .....).)....# ##.####..#
#.##.# ###..)@)..### #.####.#.
##.##.# #>...g)....###........
.#.##.# #.##.##...............
......# # ## #.##.....#####.#
.#.#### #.###.##.# #.# #.# #.#
#.##.# .# #.# #.# ...#.# #.#
#.#......# #.# #.........


You could see a gnoll sergeant.

Vanquished Creatures
  A black bear (D:5)
  2 ogres (D:5)
  2 phantoms (D:4)
  A kobold brigand (D:6)
  3 scorpions
  2 gnoll boudas
  3 orc priests
  A hound (D:5)
  A sleepcap (D:5)
  5 iguanas
  6 orc wizards
  A mummy (Ossuary)
  9 adders
  13 gnolls
  An ufetubus (D:5)
  A worm zombie (D:4)
  A worm (D:2)
  3 dart slugs
  15 orcs
  4 spectral bats (Ossuary)
  5 ball pythons
  8 endoplasms
  4 giant cockroaches
  4 hobgoblins
  9 jackals
  17 kobolds
  3 quokkas
  10 bats
  A bat simulacrum (Ossuary)
  5 frilled lizards
  13 gnoll zombies
  7 goblins
  3 goblin simulacra (Ossuary)
  6 goblin zombies (Ossuary)
  5 hobgoblin zombies
  3 kobold simulacra (Ossuary)
  7 kobold zombies
  5 orc zombies
  7 rats
  4 rat simulacra (Ossuary)
  2 spectral goblins (Ossuary)
  5 spectral kobolds (Ossuary)
  A spectral rat (Ossuary)
209 creatures vanquished.

Vanquished Creatures (others)
  5 fungi (D:4)
  26 plants
31 creatures vanquished.

Grand Total: 240 creatures vanquished

Notes
Turn   | Place    | Note
-------+----------+-------------------------------------------
     0 | D:1      | Pimp the Armataur Fighter began the quest for the Orb.
     0 | D:1      | Reached XP level 1. HP: 19/19 MP: 1/1
   141 | D:1      | Reached XP level 2. HP: 4/26 MP: 2/2
   360 | D:1      | Reached skill level 4 in Armour
   423 | D:1      | Reached XP level 3. HP: 21/33 MP: 3/3
  1190 | D:2      | Reached XP level 4. HP: 38/40 MP: 4/4
  1389 | D:2      | Found a shimmering blue altar of Sif Muna.
  1679 | D:2      | Identified a scroll of acquirement
  1679 | D:2      | Acquired a manual of Armour
  1753 | D:3      | Found Tafravvader's Book Shop.
  1868 | D:3      | Found a bloodstained altar of Trog.
  2381 | D:3      | Upgraded the game from 0.30-a0-852-g08b95dd62f to
                  | 0.30-a0-857-gcaf70739d4
  2488 | D:4      | Found a blossoming altar of Fedhas.
  2498 | D:4      | Noticed a phantom
  2534 | D:4      | Reached skill level 5 in Armour
  2534 | D:4      | Reached XP level 5. HP: 29/48 MP: 5/5
  2534 | D:4      | Killed a phantom
  2748 | D:4      | Found a sand-covered staircase.
  2763 | Ossuary  | Entered an ossuary
  2865 | Ossuary  | Reached XP level 6. HP: 55/55 MP: 6/6
  3305 | D:4      | Found a sparkling altar of Nemelex Xobeh.
  3375 | D:4      | Reached skill level 6 in Armour
  3653 | D:4      | Reached skill level 5 in Shields
  3702 | D:4      | Reached XP level 7. HP: 33/64 MP: 7/7
  3880 | D:4      | Reached skill level 7 in Armour
  4178 | D:5      | Entered Level 5 of the Dungeon
  4434 | D:5      | Found a sacrificial altar of Ru.
  4893 | D:5      | Reached skill level 8 in Armour
  5222 | D:5      | Reached skill level 5 in Fighting
  5222 | D:5      | Reached XP level 8. HP: 53/72 MP: 8/8
  5736 | D:6      | Reached skill level 9 in Armour
  6034 | D:6      | Slain by a gnoll sergeant

Illustrated notes

Levels and vault maps discovered:
D:1:      spicycebolla_arrival_clurvy, layout_basic
D:2:      layout_loops_cross, basic_altar
D:3:      layout_basic, lemuel_crystal_altar, serial_shops, shop,
          minmay_door_square, minmay_crystal_room, kennysheep_generic_room_10
D:4:      layout_basic, general_overflow_altar, fedhas_altar_3, enter_ossuary_3
D:5:      layout_basic, nicolae_ru_sacrificial_ziggurat
D:6:      layout_loops_ring, minivault_19, minmay_mini_ossuary

Skill      XL: |  1  2  3  4  5  6  7  8 |
---------------+-------------------------+-----
Fighting       | 3 4 5 |  5.6
Axes           | 2 3 4 |  4.7
Armour         | 4 5 6 8 9 |  9.4
Shields        | 4 5 6 |  6.8

Action                     |  1- 3 |  4- 6 |  7- 9 || total
---------------------------+-------+-------+-------++-------
  Melee: War axe           |   131 |   291 |   214 ||   636
         Tailslap          |     7 |    35 |    28 ||    70
    Use: Potion            |     1 |     9 |     1 ||    11
         Scroll            |       |    10 |     5 ||    15
   Stab: Invisible         |       |     1 |       ||     1
 Armour: Chain mail        |   117 |   179 |   130 ||   426
         Scale mail        |     7 |       |       ||     7
  Dodge: Dodged            |    49 |   104 |    92 ||   245
  Block: Buckler           |    32 |    62 |    62 ||   156

Table legend: (Time is in decaauts)
 A = Elapsed time spent in this place.
 B = Non-inter-level travel time spent in this place.
 C = Inter-level travel time spent in this place.
 D = Time resting spent in this place.
 E = Time spent auto-exploring this place.
 F = Levels seen in this place.
 G = Mean time per level.
                   A        B        C        D        E       F      G
               +--------+--------+--------+--------+--------+-----+--------+
         Total |   6294 |   6101 |    193 |   1162 |   3356 |   7 |  899.1 |
       Dungeon |   5743 |   5550 |    193 |   1047 |   3199 |   6 |  957.2 |
       Ossuary |    551 |    551 |      0 |    115 |    157 |   1 |  551.0 |
               +--------+--------+--------+--------+--------+-----+--------+

Top non-repeatable levels by time:
     D:5: 1574 daAuts
     D:4: 1233 daAuts
     D:1: 1002 daAuts
     D:2: 833 daAuts
     D:3: 759 daAuts
 Ossuary: 551 daAuts
     D:6: 340 daAuts
